 Dungeon Crawl Stone Soup version 0.25-a0-201-g0bb11aece9 (webtiles) character file.

Game seed: 17245754681894839635, levelgen mode: deterministic

1643887 trivialoptimal the Conqueror (level 27, 273/273 HPs)
             Began as a Minotaur Fire Elementalist on Dec 2, 2019.
             Was the Champion of Wu Jian.
             Escaped with the Orb
             ... and 3 runes on Dec 3, 2019!
             The game lasted 02:31:51 (74949 turns).

trivialoptimal the Conqueror (MiFE)                Turns: 74949, Time: 02:31:52

Health: 273/273    AC: 54    Str: 21      XL:     27
Magic:  36/36      EV: 13    Int: 15 (17) God:    Wu Jian [******]
Gold:   1110       SH:  0    Dex: 14 (16) Spells: 28/28 levels left

rFire    + + .     SeeInvis +   A - +7 triple sword of Trog {distort, *Noise Dex+3 Stlth+}
rCold    + . .     Gourm    .   (shield currently unavailable)
rNeg     + . .     Faith    .   w - +8 orange crystal plate armour {Archmagi, Int+3 Clar}
rPois    .         Spirit   +   H - +3 crown of Dyrovepreva {rElec Int+2 SInv}
rElec    +         Reflect  .   Y - +2 cloak {rC+}
rCorr    .         Harm     .   X - +2 pair of gloves of Azxoit {rN+ Str-3 Slay+5}
MR       ++...     Clarity  +   z - +2 pair of boots {run}
Stlth    ..........             L - amulet of guardian spirit
HPRegen  0.55/turn              V - +5 ring of protection
MPRegen  0.25/turn              T - ring "Ysuroamp" {rF+ Slay+2, =R}

@: hasted, very quick
A: retaliatory headbutt, horns 2, icy blue scales 1, thin metallic scales 1,
deformed body, fire resistance 1
0: Orb of Zot
}: 3/15 runes: decaying, silver, gossamer
a: Wall Jump, Serpent's Lash, Heavenly Storm, Renounce Religion


You escaped.
You worshipped Wu Jian.
Wu Jian was exalted by your worship.
You were full.

You visited 10 branches of the dungeon, and saw 50 of its levels.
You also visited: Sewer, Ossuary, Ice Cave, Volcano and Wizlab.

You collected 8264 gold pieces.
You spent 7154 gold pieces at shops.

Inventory:

Hand Weapons
 A - the +7 triple sword of Trog (weapon) {distort, *Noise Dex+3 Stlth+}
   (You acquired it on level 9 of the Dungeon)

   It warps and distorts space around it.
   Unwielding it can cause banishment or high damage.
   It affects your dexterity (+3).
   It may make noises in combat.
   It makes you more stealthy.
Missiles
 J - 2 throwing nets (quivered)
 P - 8 curare-tipped darts
Armour
 w - the +8 orange crystal plate armour (worn) {Archmagi, Int+3 Clar}
   (You bought it in a shop on level 14 of the Dungeon)

   It affects your intelligence (+3).
   It protects you against confusion.
 z - a +2 pair of boots of running (worn)
   (You bought it in a shop on level 2 of the Orcish Mines)
 H - the +3 crown of Dyrovepreva (worn) {rElec Int+2 SInv}
   (You bought it in a shop on level 2 of the Orcish Mines)

   It affects your intelligence (+2).
   It insulates you from electricity.
   It lets you see invisible.
 X - the +2 pair of gloves of Azxoit (worn) {rN+ Str-3 Slay+5}
   (You found it on level 5 of the Vaults)

   It affects your strength (-3).
   It affects your accuracy and damage with ranged weapons and melee attacks
   (+5).
   It protects you from negative energy.
 Y - a +2 cloak of cold resistance (worn)
   (You found it in an ice cave)
Jewellery
 e - an uncursed ring of protection from magic
   (You found it on level 4 of the Spider Nest)
 p - the ring of the Devil {rPois rC- rN+ MR+++}
   (You found it on level 15 of the Dungeon)

   [ring of positive energy]

   It makes you vulnerable to cold.
   It protects you from poison.
   It protects you from negative energy.
   It affects your resistance to hostile enchantments.
 r - the ring of Venuonku {rC+ rN+ Int+3}
   (You found it on level 15 of the Dungeon)

   [ring of positive energy]

   It affects your intelligence (+3).
   It protects you from cold.
   It protects you from negative energy.
 v - an uncursed ring of protection from fire
   (You took it off a gnoll on level 8 of the Dungeon)
 L - an amulet of guardian spirit (around neck)
   (You bought it in a shop on level 3 of the Depths)
 T - the ring "Ysuroamp" (right hand) {rF+ Slay+2, =R}
   (You bought it in a shop on level 3 of the Depths)

   [ring of slaying]

   It affects your accuracy and damage with ranged weapons and melee attacks
   (+2).
   It protects you from fire.
 V - a +5 ring of protection (left hand)
   (You found it on level 3 of the Swamp)
Wands
 b - a wand of iceblast (42)
   (You found it on level 15 of the Dungeon)
 f - a wand of enslavement (31)
   (You found it on level 1 of the Lair of Beasts)
 j - a wand of paralysis (20)
   (You found it on level 1 of the Swamp)
 n - a wand of clouds (4)
   (You found it on level 5 of the Lair of Beasts)
 y - a wand of disintegration (39)
   (You found it on level 3 of the Dungeon)
 K - a wand of acid (46)
   (You found it on level 13 of the Dungeon)
 Z - a wand of scattershot (17)
   (You found it on level 15 of the Dungeon)
Scrolls
 a - 10 scrolls of fear
 d - 9 scrolls of immolation
 g - 23 scrolls of remove curse
 i - 2 scrolls of silence
 o - 14 scrolls of teleportation
 q - 6 scrolls of vulnerability
 x - 9 scrolls of fog
 C - 2 scrolls of holy word
 E - 4 scrolls of blinking
 R - 7 scrolls of summoning
 W - 10 scrolls of identify
Potions
 k - 8 potions of heal wounds
 l - 20 potions of curing
 t - 8 potions of magic
 u - 7 potions of berserk rage
 D - 9 potions of might
 F - 3 potions of invisibility
 G - 4 potions of haste
 I - a potion of cancellation
 N - 6 potions of agility
 S - 6 potions of ambrosia
 U - 7 potions of mutation
Miscellaneous
 m - a lightning rod (4/4)
   (You found it on level 4 of the Lair of Beasts)
 B - a lamp of fire
   (You found it on level 2 of the Depths)
 M - 4 boxes of beasts
 O - a phial of floods
   (You found it on level 3 of the Elven Halls)
 Q - 5 phantom mirrors
Comestibles
 c - 49 rations


   Skills:
 O Level 27 Fighting
 - Level 24.0 Long Blades
   Level 1.2 Maces & Flails
 + Level 23.9 Armour
 + Level 17.1 Dodging
 - Level 1.5 Stealth
   Level 4.1 Shields
 - Level 1.3 Spellcasting
   Level 0.6 Conjurations
   Level 2.1 Fire Magic
 + Level 21.4 Evocations


You had 28 spell levels left.
You didn't know any spells.
Your spell library contained the following spells:

 Spells                   Type           Power        Failure   Level  Hunger
 Flame Tongue             Conj/Fire      #....        89%         1    ##.....
 Throw Flame              Conj/Fire      #.....       96%         2    ###....
 Animate Skeleton         Necr           N/A          98%         1    ##.....
 Beastly Appendage        Tmut           #.....       98%         1    ##.....
 Confusing Touch          Hex            #.....       98%         1    ##.....
 Corona                   Hex            #......      98%         1    ##.....
 Pain                     Necr           #...         98%         1    ##.....
 Sandblast                Erth           #.....       98%         1    ##.....
 Summon Butterflies       Summ           #.......     98%         1    ##.....
 Call Imp                 Summ           #.......     99%         2    ###....
 Corpse Rot               Necr           N/A          99%         2    ###....
 Ensorcelled Hibernation  Hex/Ice        #.....       99%         2    ###....
 Passwall                 Tmut/Erth      #.......     99%         2    ###....
 Conjure Flame            Conj/Fire      #.......     99%         3    ####...
 Call Canine Familiar     Summ           #.......     100%        3    ####...
 Confuse                  Hex            #.......     100%        3    ####...
 Dazzling Spray           Conj/Hex       #.....       100%        3    ####...
 Gell's Gravitas          Tloc           #.........   100%        3    ####...
 Ignite Poison            Fire/Tmut/Pois #.......     100%        3    ####...
 Inner Flame              Hex/Fire       #.......     100%        3    ####...
 Lesser Beckoning         Tloc           #.........   100%        3    ####...
 Recall                   Summ/Tloc      N/A          100%        3    ####...
 Regeneration             Chrm/Necr      #.........   100%        3    ####...
 Spider Form              Tmut/Pois      #.........   100%        3    ####...
 Static Discharge         Conj/Air       #.......     100%        3    ####...
 Stone Arrow              Conj/Erth      #.....       100%        3    ####...
 Tukima's Dance           Hex            #.......     100%        3    ####...
 Vampiric Draining        Necr           #.........   100%        3    ####...
 Animate Dead             Necr           N/A          100%        4    #####..
 Ice Form                 Ice/Tmut       #.......     100%        4    #####..
 Leda's Liquefaction      Hex/Erth       #.........   100%        4    #####..
 Petrify                  Tmut/Erth      #.......     100%        4    #####..
 Sticky Flame             Conj/Fire      #.......     100%        4    #####..
 Summon Ice Beast         Ice/Summ       #.......     100%        4    #####..
 Alistair's Intoxication  Tmut/Pois      #.......     100%        5    ######.
 Bolt of Magma            Conj/Fire/Erth #.........   100%        5    ######.
 Borgnjor's Vile Clutch   Necr/Erth      #.........   100%        5    ######.
 Fireball                 Conj/Fire      #.........   100%        5    ######.
 Irradiate                Conj/Tmut      #.........   100%        5    ######.
 Iskenderun's Battlesphe  Conj/Chrm      #.......     100%        5    ######.
 Lee's Rapid Deconstruct  Erth           #.........   100%        5    ######.
 Lightning Bolt           Conj/Air       #.........   100%        5    ######.
 Metabolic Englaciation   Hex/Ice        #.........   100%        5    ######.
 Silence                  Hex/Air        #.........   100%        5    ######.
 Summon Demon             Summ           #.........   100%        5    ######.
 Summon Forest            Summ/Tloc      #.........   100%        5    ######.
 Summon Mana Viper        Hex/Summ       #.......     100%        5    ######.
 Venom Bolt               Conj/Pois      #.........   100%        5    ######.
 Yara's Violent Unravell  Hex/Tmut       #.........   100%        5    ######.
 Darkness                 Hex            #.........   100%        6    #######
 Death Channel            Necr           #.........   100%        6    #######
 Hydra Form               Tmut           #.........   100%        6    #######
 Iron Shot                Conj/Erth      #.........   100%        6    #######
 Shadow Creatures         Summ           N/A          100%        6    #######
 Simulacrum               Ice/Necr       #.........   100%        6    #######
 Statue Form              Tmut/Erth      #........    100%        6    #######
 Dragon Form              Tmut           #.........   100%        7    #######
 Haunt                    Necr/Summ      #.........   100%        7    #######
 Malign Gateway           Summ/Tloc      #.........   100%        7    #######
 Monstrous Menagerie      Summ           #.........   100%        7    #######
 Orb of Destruction       Conj           #.........   100%        7    #######
 Spellforged Servitor     Conj/Summ      #.........   100%        7    #######
 Summon Greater Demon     Summ           #.........   100%        7    #######
 Summon Hydra             Summ           #.........   100%        7    #######
 Borgnjor's Revivificati  Necr           #.........   100%        8    #######
 Death's Door             Chrm/Necr      #.........   100%        8    #######
 Ignition                 Fire           ##........   100%        8    #######
 Infestation              Necr           #.........   100%        8    #######
 Necromutation            Tmut/Necr      #.........   100%        8    #######
 Summon Horrible Things   Summ           #.........   100%        8    #######
 Shatter                  Erth           #.........   100%        9    #######
 Tornado                  Air            #.........   100%        9    #######
 Passage of Golubria      Tloc           Unusable     N/A         4    N/A

Dungeon Overview and Level Annotations

Branches:
Dungeon (15/15)            Temple (1/1) D:5            Lair (6/6) D:11
  Swamp (4/4) Lair:4       Spider (4/4) Lair:3        Slime (0/5) Lair:6
    Orc (2/2) D:12            Elf (3/3) Orc:2        Vaults (5/5) D:14
  Crypt (0/3) Vaults:2     Depths (5/5) D:15            Zot (5/5) Depths:5
  Sewer (visited)         Ossuary (visited)           IceCv (visited)
Volcano (visited)          WizLab (visited)

Altars:
Ashenzari
Cheibriados
Dithmenos
Elyvilon
Fedhas
Gozag
Hepliaklqana
Kikubaaqudgha
Makhleb
Nemelex Xobeh
Okawaru
Qazlal
Ru
Sif Muna
Trog
Uskayaw
Vehumet
Wu Jian
Xom
Yredelemnul
Zin
The Shining One
Beogh

Shops:
D:5 !   D:6 (   D:8 %(   D:12 (}**   D:14 [:   D:15 ?%(   Orc:1 **
Orc:2 =*[([[=:   Elf:2 [   Elf:3 %   Vaults:2 !   Vaults:3 :   Vaults:4 ?
Depths:3 =}=

Portals:
Hell: Depths:1 Depths:2 Depths:3 Depths:4 Depths:5
Abyss: Depths:4 Depths:5
Pandemonium: Depths:1 Depths:3
Ziggurat: Depths:1

Annotations:
D:4 3 runed translucent doors, bmj180's ghost, novice HOFi
D:6 3 runed translucent doors, floatRand's ghost, novice FoFi
Lair:6 exclusion: oklob plant
Spider:3 Roxanne
Elf:1 Piajug's ghost, adept CeHu
Elf:2 2 runed translucent doors
Depths:5 3 runed translucent doors, Ymuik's ghost, journeyman SpBe
Zot:5 2 runed translucent doors, toffzen's ghost, veteran TrFi
Abyss:1 Arachne; Harold; Josephine


Innate Abilities, Weirdness & Mutations

You reflexively headbutt those who attack you in melee.
You have a pair of horns on your head.
You are partially covered in icy blue scales. (AC +2)
You are partially covered in thin metallic scales. (AC +2)
Armour fits poorly on your strangely shaped body.
Your flesh is heat resistant. (rF+)


Message History

You see here a leather armour.
There is a stone staircase leading up here.
You climb upwards.
There is a stone staircase leading down here.
You see here a +0 trident.
There is an open door here.
There is an open door here.
A rust devil comes into view.
There is an open door here.
There is an open door here.
There is a gate leading back out of this place here.
You go up through the gate.
Welcome back to the Depths!
Level annotation: 3 runed translucent doors, Ymuik's ghost, journeyman SpBe
There is a gate to the Realm of Zot here.
(D) Dungeon (T) Temple (L) Lair (S) Swamp (N) Spider Nest (M) Slime Pits (O) Orcish Mines (E) Elven Halls (V) Vaults (C) Crypt (U) Depths (H) Hell (Z) Zot
Where to? (Enter - Zot:5, ? - help)
What level of the Dungeon? (default 15, ? - help)
An Orb Guardian comes into view.
You spin and attack the Orb Guardian.
You slice the Orb Guardian!! You headbutt the Orb Guardian!!
The Orb Guardian is severely wounded.
The Orb Guardian blinks!
You lunge at the Orb Guardian.
You slice the Orb Guardian!!
Space warps horribly around the Orb Guardian!
You kill the Orb Guardian!
The Council accepts your kill.
You feel your intelligence returning.
(D) Dungeon (T) Temple (L) Lair (S) Swamp (N) Spider Nest (M) Slime Pits (O) Orcish Mines (E) Elven Halls (V) Vaults (C) Crypt (U) Depths (H) Hell (Z) Zot
Where to? (Enter - D:1 @ (x,y), ? - help)
A reaper comes into view. It is wielding a +0 scythe of slicing.
You lunge at the reaper.
You slash the reaper!
Space warps horribly around the reaper.
The reaper is moderately wounded.
The reaper misses you.
You riposte.
You closely miss the reaper. You headbutt the reaper!
The reaper is heavily wounded.
You spin and attack the reaper repeatedly.
You slice the reaper!!
Space bends around the reaper.
The reaper is severely wounded.
You slice the reaper!!
Your triple sword of Trog inquires about your family.
You kill the reaper!
The Council accepts your kill.
(D) Dungeon (T) Temple (L) Lair (S) Swamp (N) Spider Nest (M) Slime Pits (O) Orcish Mines (E) Elven Halls (V) Vaults (C) Crypt (U) Depths (H) Hell (Z) Zot
Where to? (Enter - D:1 @ (x,y), ? - help)
You see here a +0 troll leather armour.
There is an open door, spattered with blood here.
There is an open door here.
There is an open door, spattered with blood here.
Items here: ( ))) [ a +0 flail; 23 bolts; a +0 arbalest; a +0 cloak; a +0 whip
There is a stone staircase leading up, spattered with blood here.
You see here a +1 great sword of flaming.
There is a stone staircase leading up here.
You climb upwards.
There is a stone staircase leading down here.
A smoke demon, a chaos spawn, a sun demon and a pandemonium lord come into view.
Press: ? - help, v - describe, . - travel The floor.
This square is covered in magical glow.
Press: ? - help, v - describe, . - travel
Here: Hivezoes The floor.
Your muscles tense, ready for explosive movement...
You lunge with incredible momentum at the chaos spawn.
You slice the chaos spawn like a ripe choko!!!!
You kill the chaos spawn!
The Council accepts your kill.
The chaos spawn degenerates into a cloud of primal chaos!
You spin and attack the sun demon repeatedly, with incredible momentum.
You hit the sun demon.
Space warps horribly around the sun demon!!
The sun demon is heavily wounded.
You chop the sun demon into pieces!!!
You kill the sun demon!
The Council accepts your kill.
Your supernatural speed expires.
There is a stone staircase leading up here.
You climb upwards.
There is a stone staircase leading down here.
Unknown command.
(D) Dungeon (T) Temple (L) Lair (S) Swamp (N) Spider Nest (M) Slime Pits (O) Orcish Mines (E) Elven Halls (V) Vaults (C) Crypt (U) Depths (H) Hell (Z) Zot
Where to? (Enter - D:1 @ (x,y), ? - help)
You see here an arrow.
You feel less exhausted.
A Hell Sentinel comes into view.
There is an escape hatch in the ceiling here.
Really go through this one-way escape hatch?
The Hell Sentinel gestures at you.
The sphere of damnation explodes!
The damnation engulfs you!! A mysterious force pulls you upwards.
The hatch slams shut behind you.
(D) Dungeon (T) Temple (L) Lair (S) Swamp (N) Spider Nest (M) Slime Pits (O) Orcish Mines (E) Elven Halls (V) Vaults (C) Crypt (U) Depths (H) Hell (Z) Zot
Where to? (Enter - D:1 @ (x,y), ? - help) Magic restored.
You see here a large rock.
You see here 17 poisoned darts.
Things that are here:
a +0 dire flail x2
There is a stone staircase leading up here.
You see here a large rock.
You climb upwards.
There is a stone staircase leading down here.
There is a staircase back to the Dungeon here.
You climb upwards.
Welcome back to the Dungeon!
There is a staircase to the Depths here.
There is an open door here.
A hell beast comes into view.
Unknown command.
The hell beast barely misses you. You furiously retaliate!
You headbutt the hell beast, but do no damage.
The hell beast misses you.
You spin and attack the hell beast.
You slice the hell beast!!
Space bends around the hell beast.
You headbutt the hell beast.
The hell beast is moderately wounded.
The hell beast bites you!
The hell beast tramples you but does no damage.
The hell beast closely misses you. You furiously retaliate!
You headbutt the hell beast! The hell beast misses you.
You spin and attack the hell beast.
You completely miss the hell beast. You headbutt the hell beast.
The hell beast is heavily wounded.
The hell beast completely misses you.
The hell beast tramples you but does no damage.
There is an open door here.
There is a stone staircase leading up here.
The hell beast closely misses you. The hell beast misses you.
You climb upwards.
There is a stone staircase leading down here.
You slice the hell beast!!
Space warps horribly around the hell beast!
You kill the hell beast!
The Council accepts your kill.
(D) Dungeon (T) Temple (L) Lair (S) Swamp (N) Spider Nest (M) Slime Pits (O) Orcish Mines (E) Elven Halls (V) Vaults (C) Crypt (U) Depths (H) Hell (Z) Zot
Where to? (Enter - D:1 @ (x,y), ? - help) HP restored.
A neqoxec comes into view.
There is an open door here.
There is a stone staircase leading up here.
You climb upwards.
There is a stone staircase leading down here.
(D) Dungeon (T) Temple (L) Lair (S) Swamp (N) Spider Nest (M) Slime Pits (O) Orcish Mines (E) Elven Halls (V) Vaults (C) Crypt (U) Depths (H) Hell (Z) Zot
Where to? (Enter - D:1 @ (x,y), ? - help)
You see here a stone.
There is a stone staircase leading up here.
You climb upwards.
There is a stone staircase leading down here.
You see here a +0 giant club.
There is an entrance to Nennuce's Gadget Shoppe here.
There is an entrance to Pirch's Antique Weapon Boutique here.
You see here a +0 hand axe.
Things that are here:
a +0 ring mail; a +0 mace
There is a stone staircase leading up here.
You climb upwards.
There is a stone staircase leading down here.
There is a stone staircase leading up here.
You climb upwards.
There is a stone staircase leading down here.
You see here a robe.
A red devil comes into view. It is wielding a +0 trident.
The red devil moves out of view.
There is a stone staircase leading up here.
You climb upwards.
There is a stone staircase leading down here.
(D) Dungeon (T) Temple (L) Lair (S) Swamp (N) Spider Nest (M) Slime Pits (O) Orcish Mines (E) Elven Halls (V) Vaults (C) Crypt (U) Depths (H) Hell (Z) Zot
Where to? (Enter - D:1 @ (x,y), ? - help)
There is a stone staircase leading up here.
You climb upwards.
There is a stone staircase leading down here.
A Hell Sentinel comes into view.
There is a stone staircase leading up here.
You climb upwards.
There is a stone staircase leading down here.
(D) Dungeon (T) Temple (L) Lair (S) Swamp (N) Spider Nest (M) Slime Pits (O) Orcish Mines (E) Elven Halls (V) Vaults (C) Crypt (U) Depths (H) Hell (Z) Zot
Where to? (Enter - D:1 @ (x,y), ? - help)
There is an open door here.
There is a stone staircase leading up here.
You climb upwards.
Level annotation: 3 runed translucent doors, floatRand's ghost, novice FoFi An orange demon and a cacodemon come into view.
There is a stone staircase leading down here.
The cacodemon moves out of view.
The orange demon moves out of view.
You see here an arrow.
You hear a grinding noise.
You hear a grinding noise.
You hear a grinding noise.
You open the door.
There is an open door here.
There is an escape hatch in the ceiling here.
Really go through this one-way escape hatch?
A mysterious force pulls you upwards. The hatch slams shut behind you.
There is a stone staircase leading up here.
You climb upwards.
Level annotation: 3 runed translucent doors, bmj180's ghost, novice HOFi
There is a stone staircase leading down here.
There is a stone staircase leading down here.
You climb downwards.
There is a stone staircase leading up here.
There is a stone staircase leading up here.
Things that are here:
a +0 hand axe of draining; a +0 chain mail; a +0 scimitar You climb upwards.
Level annotation: 3 runed translucent doors, bmj180's ghost, novice HOFi
There is a stone staircase leading down here.
(D) Dungeon (T) Temple (L) Lair (S) Swamp (N) Spider Nest (M) Slime Pits (O) Orcish Mines (E) Elven Halls (V) Vaults (C) Crypt (U) Depths (H) Hell (Z) Zot
Where to? (Enter - D:5 @ (x,y), ? - help)
What level of the Dungeon? (default 1, ? - help)
A ynoxinul comes into view.
The ynoxinul bellows!
The ynoxinul gestures at you.
The iron shot hits you but does no damage.
The ynoxinul gestures.
You spin and attack the ynoxinul.
Your orange crystal plate armour prevents you from hitting the ynoxinul.
You spin and attack the ufetubus.
You slice the ufetubus!!
You kill the ufetubus!
The ynoxinul gestures.
You spin and attack the ynoxinul repeatedly.
You slice the ynoxinul!!
The ynoxinul is severely wounded.
The ynoxinul blinks!
You spin and attack the ufetubus.
You slash the ufetubus!
You kill the ufetubus!
The ynoxinul gestures.
You spin and attack the ufetubus.
You closely miss the ufetubus.
The ynoxinul gestures.
You slice the ufetubus!!
You kill the ufetubus!
The ufetubus closely misses you.
You riposte.
You closely miss the ufetubus.
Your triple sword of Trog shouts, "Whoopee!"
The ufetubus barely misses you.
The ufetubus hits you but does no damage.
The ufetubus barely misses you.
You slice the ufetubus like a ripe choko!!!
You kill the ufetubus!
The ufetubus hits you but does no damage.
The ufetubus barely misses you.
You closely miss the ynoxinul.
The ynoxinul is severely wounded.
The ufetubus misses you. The ufetubus closely misses you.
The ynoxinul hits you but does no damage.
You carve the ynoxinul like a ham!!!
You kill the ynoxinul!
The Council accepts your kill.
The ufetubus disappears in a puff of smoke! x4
(D) Dungeon (T) Temple (L) Lair (S) Swamp (N) Spider Nest (M) Slime Pits (O) Orcish Mines (E) Elven Halls (V) Vaults (C) Crypt (U) Depths (H) Hell (Z) Zot
Where to? (Enter - D:1 @ (x,y), ? - help)
There is a stone staircase leading up here.
You climb upwards.
There is a stone staircase leading down here.
There is a stone staircase leading up here.
You climb upwards.
There is a stone staircase leading down here.
There is a stone staircase leading up here.
You climb upwards.
There is a stone staircase leading down here.
There is an open door here.
There is an open door here.
A chaos spawn and a pandemonium lord come into view.
Unknown command.
Press: ? - help, v - describe, . - travel
Here: Keryil, armed with a distorting touch The floor.
Keryil moves out of view.
The chaos spawn moves out of view.
You feel yourself speed up.
There is a staircase leading out of the dungeon here.
Enter note: gg You have escaped!

#.#....##....# #...
#.#....#####.# #... #.#....# #.#
#... #.#...## #.# #### #.##..##
#.# #.##...## #.# #.###...####.#
#.# ###.'..#.# #.#######.@#.#
#.......'....# #.......#..#.#
#######.......####'##
#..........###......#
#.......##)# #.##...#
#.......##.# #.##...#
#.......##.###.##...#
#.......##..##.##...#############


There were no monsters in sight!

Vanquished Creatures
  3 orbs of fire
  4 ancient liches (Zot:5)
  Mennas (Vaults:2)
  A juggernaut (Depths:5)
  Sojobo (Vaults:4)
  4 Killer Klowns (Zot:5)
  Saint Roka (Depths:3)
  A curse toe (Zot:5)
  Xtahua (Vaults:4)
  A golden dragon (Vaults:5)
  Nikola (Vaults:2)
  An iron giant (shapeshifter) (Vaults:1)
  An electric golem (Zot:3)
  12 Orb Guardians
  7 tentacled monstrosities
  The ghost of Wadoidee the Brawler, an adept TrWr of Ru (Elf:1)
  3 deep elf master archers (Elf:3)
  5 titans
  The ghost of Rollo the Peltast, an adept TrMo of Okawaru (Spider:4)
  4 quicksilver dragons
  2 liches
  A quicksilver dragon (shapeshifter) (WizLab)
  6 sphinxes
  4 death cobs
  A deep elf blademaster (Elf:3)
  4 shadow dragons
  2 draconian monks
  3 thorn hunters
  7 storm dragons
  11 tengu reavers
  Donald (Orc:2)
  9 frost giants
  8 deep elf sorcerers
  An iron dragon (Vaults:5)
  12 fire giants
  8 emperor scorpions
  A balrug (Depths:3)
  A draconian knight (Depths:5)
  17 vault wardens
  4 ghost moths
  A draconian scorcher (Zot:5)
  An orc warlord (Orc:1)
  A draconian shifter (Zot:4)
  Aizul (Spider:2)
  4 deep elf elementalists
  3 draconian annihilators
  A reaper (Depths:5)
  13 very ugly things
  4 draconian stormcallers
  6 ironheart preservers
  22 stone giants
  3 war gargoyles (Vaults:5)
  A spriggan defender (Depths:3)
  5 deep elf demonologists
  7 green draconians
  2 vampire knights (Depths:1)
  6 entropy weavers
  5 deep elf annihilators
  4 black draconians
  5 white draconians
  Azrael (D:15)
  A spark wasp (shapeshifter) (Vaults:5)
  5 red draconians
  7 yellow draconians
  5 purple draconians
  15 ettins
  9 spark wasps
  3 deep elf death magi (Elf:3)
  7 fire dragons
  13 great orbs of eyes
  17 yaktaur captains
  6 deep elf high priests (Elf:3)
  19 hydras
  5 rakshasas
  Erolcha (D:9)
  34 vault guards
  A hell beast (D:14)
  6 ice dragons
  3 ghost crabs
  2 death knights
  2 shambling mangroves (Swamp:3)
  11 centaur warriors
  8 spriggan air magi
  9 dancing weapons
  36 two-headed ogres
  An alligator snapping turtle (shapeshifter) (WizLab)
  8 alligators
  13 deep troll shamans
  A death yak (Lair:1)
  11 ogre magi
  7 tengu warriors
  A hell hog (Volcano)
  A shock serpent (shapeshifter) (D:15)
  Urug (D:11)
  6 deep troll earth magi
  An iron golem (WizLab)
  3 spriggan berserkers
  A titan zombie (Depths:4)
  28 deep elf knights
  2 sun demons
  Nergalle (Orc:1)
  A titan skeleton (Vaults:5)
  2 iron trolls
  5 hell knights
  6 glowing orange brains
  A salamander mystic (Depths:3)
  4 spriggan druids
  A glowing orange brain (shapeshifter) (WizLab)
  A shadow wraith (Vaults:4)
  3 unseen horrors
  3 flayed ghosts
  8 swamp dragons
  7 wizards
  7 skeletal warriors (D:15)
  6 large abominations (WizLab)
  A quicksilver dragon simulacrum (Depths:3)
  31 deep trolls
  A tengu zombie (Vaults:5)
  12 deep elf archers
  2 lindwurms (shapeshifter)
  A harpy (shapeshifter) (WizLab)
  14 necromancers
  58 deep elf magi
  19 ironbrand convokers
  A sphinx zombie (Depths:4)
  A harpy (Vaults:2)
  3 phantasmal warriors
  19 orb spiders
  11 orc knights
  2 stone giant zombies
  An orb spider (shapeshifter) (WizLab)
  28 wolf spiders
  A frost giant zombie (Depths:4)
  3 orc sorcerers
  A shadow dragon skeleton (Vaults:5)
  An oklob plant (Lair:5)
  A manticore (shapeshifter) (Depths:3)
  5 salamanders
  2 tengu skeletons
  A fire giant zombie (Vaults:5)
  A wolf spider zombie (Vaults:1)
  27 ugly things
  A manticore (D:12)
  11 moths of wrath
  3 salamanders (shapeshifter)
  8 cyclopes
  17 vault sentinels
  6 black mambas
  Joseph (D:9)
  A water nymph (shapeshifter) (D:15)
  A torpor snail (Lair:2)
  A guardian serpent (shapeshifter) (WizLab)
  2 ice statues (IceCv)
  A titan simulacrum (Depths:3)
  2 frost giant skeletons
  A black mamba (shapeshifter) (WizLab)
  3 gargoyles
  2 guardian serpents
  A rust devil (Depths:5)
  27 spiny frogs
  14 demonic crawlers
  A spiny frog (shapeshifter) (Vaults:1)
  2 rime drakes (shapeshifter)
  4 centaur skeletons
  A yaktaur (shapeshifter) (WizLab)
  2 komodo dragons
  67 yaktaurs
  7 kobold demonologists
  5 freezing wraiths
  2 hellwings (Depths:3)
  2 tengu conjurers
  A troll (shapeshifter) (WizLab)
  7 trolls
  2 wind drakes (shapeshifter)
  2 red devils (Depths:3)
  3 meliai (shapeshifter)
  31 jumping spiders
  13 polar bears
  A jumping spider (shapeshifter) (WizLab)
  2 saltlings (Vaults:1)
  2 hornets (shapeshifter)
  A wind drake (D:15)
  A merfolk (D:9)
  20 blink frogs
  8 bog bodies
  8 tyrant leeches
  15 hornets
  A frost giant simulacrum (Depths:2)
  60 slime creatures
  An ettin zombie (Vaults:4)
  2 sphinx simulacra (Vaults:1)
  4 human simulacra
  A hippogriff (shapeshifter) (WizLab)
  6 small abominations (WizLab)
  A meliai zombie (D:14)
  A fire giant simulacrum (Vaults:5)
  4 spriggans
  6 hippogriffs
  69 redbacks
  A yak (shapeshifter) (WizLab)
  A ynoxinul (D:4)
  3 air elementals
  3 shadows
  24 tarantellas
  An elf simulacrum (Depths:3)
  3 water elementals
  12 wyverns
  A tarantella (shapeshifter) (WizLab)
  A vampire (D:15)
  62 yaks
  4 hungry ghosts
  5 wraiths
  A fire bat (shapeshifter) (WizLab)
  6 fire elementals
  19 humans (D:14)
  A yaktaur simulacrum (Vaults:2)
  A human (shapeshifter) (Vaults:4)
  A golden eye (shapeshifter) (WizLab)
  A chaos spawn (Depths:4)
  Eustachio (D:4)
  A basilisk (shapeshifter) (Depths:2)
  5 basilisks
  2 steam dragons
  9 vampire mosquitoes
  13 swamp worms
  5 acid dragons
  3 wargs
  8 insubstantial wisps (Swamp:4)
  2 acid dragons (shapeshifter)
  A soldier ant (shapeshifter) (Depths:1)
  12 hell hounds
  A swamp worm (shapeshifter) (WizLab)
  22 water moccasins
  11 porcupines
  8 floating eyes
  A porcupine (shapeshifter) (Depths:4)
  A black bear (shapeshifter) (WizLab)
  A hornet zombie (D:6)
  42 orc warriors
  A sky beast (shapeshifter) (Vaults:5)
  An eye of draining (shapeshifter) (WizLab)
  6 ice beasts
  6 sky beasts
  15 swamp drakes
  14 boggarts
  A black bear (D:7)
  A necrophage (D:9)
  4 phantoms
  29 wolves
  58 ogres
  22 centaurs
  2 elf skeletons
  11 crocodiles
  11 big kobolds
  A gnoll sergeant (D:8)
  A human skeleton (Vaults:1)
  21 bullfrogs
  3 yaktaur skeletons
  3 earth elementals (Elf:3)
  A wyvern zombie (D:14)
  7 scorpions
  17 killer bees
  5 electric eels
  3 howler monkeys
  10 crimson imps
  8 centaur zombies
  3 bullfrog skeletons
  4 jellies
  15 orc priests
  Crazy Yiuf (D:7)
  10 hounds
  18 orc wizards
  3 human zombies (Ossuary)
  A gnoll shaman (D:4)
  6 iguanas
  8 worker ants
  A big kobold zombie (Ossuary)
  2 mummies (Ossuary)
  3 worker ant zombies
  15 adders
  A howler monkey skeleton (D:5)
  19 gnolls
  2 river rats (Sewer)
  6 shadow imps
  12 white imps (Lair:2)
  4 oozes
  3 adder zombies
  4 worms
  3 dart slugs
  A leopard gecko (D:1)
  An orc (shapeshifter) (WizLab)
  101 orcs
  8 giant cockroaches
  2 goblins
  10 hobgoblins
  21 jackals
  24 kobolds
  6 quokkas
  4 ball pythons
  9 bats
  4 frilled lizards
  9 hobgoblin zombies (Ossuary)
  11 kobold zombies (Ossuary)
  8 orc zombies (Ossuary)
  A quokka zombie (D:9)
  12 rats
  A rat zombie (Ossuary)
  2 briar patches
  A fungus (D:11)
2278 creatures vanquished.

Vanquished Creatures (others)
  2 curse toes (Zot:5)
  2 golden dragons
  2 tentacled monstrosities
  A titan (Vaults:5)
  A lich (Vaults:5)
  5 Orb Guardians (Zot:5)
  A deep elf master archer (Elf:3)
  A death cob (Zot:1)
  2 sphinxes
  4 shadow dragons
  A storm dragon (Zot:4)
  2 fire giants
  An iron dragon (Depths:2)
  An orc warlord (Orc:1)
  2 frost giants
  2 emperor scorpions (Spider:4)
  7 ironheart preservers
  A war gargoyle (Vaults:5)
  A very ugly thing (WizLab)
  4 stone giants
  A deep elf annihilator (Vaults:1)
  A deep elf demonologist (Elf:3)
  2 white draconians
  2 red draconians
  3 ettins
  An ettin (shapeshifter) (Vaults:1)
  A fire dragon (Depths:5)
  2 vault guards
  2 yaktaur captains
  A great orb of eyes (Depths:2)
  2 hydras
  3 ice dragons
  4 centaur warriors
  3 ogre magi
  A death knight (Vaults:1)
  3 two-headed ogres
  2 alligators (Swamp:4)
  2 deep troll earth magi
  A spriggan rider (Swamp:3)
  2 deep elf knights
  A skeletal warrior (Vaults:2)
  A wizard (Depths:4)
  4 deep trolls
  A swamp dragon (Swamp:4)
  A necromancer (D:14)
  3 orc knights
  4 deep elf magi
  3 wolf spiders
  A fire giant zombie (Vaults:5)
  2 ironbrand convokers
  An orc sorcerer (Elf:3)
  A cyclops (Vaults:1)
  5 ugly things
  A moth of wrath (Zot:4)
  5 spiny frogs
  2 vault sentinels
  A centaur skeleton (D:13)
  A kobold demonologist (D:14)
  3 yaktaurs
  A demonic crawler (Spider:4)
  2 freezing wraiths
  4 polar bears (IceCv)
  2 jumping spiders
  A hornet (D:15)
  11 slime creatures
  A hippogriff (Lair:6)
  An iron dragon simulacrum (Depths:2)
  An ettin skeleton (Vaults:2)
  2 tarantellas
  A shadow (Swamp:1)
  A spriggan (Swamp:3)
  An elf simulacrum (Depths:3)
  4 redbacks
  A human (D:14)
  2 wraiths
  2 yaks
  2 swamp worms
  A hungry ghost (D:15)
  2 insubstantial wisps (Swamp:4)
  An acid dragon (D:13)
  A porcupine (Lair:1)
  2 water moccasins
  2 orc warriors (Orc:1)
  An eye of draining (D:15)
  A phantom (D:13)
  A wolf (Lair:3)
  2 ogres
  A centaur (Vaults:3)
  A crocodile (Lair:2)
  An ogre simulacrum (Vaults:1)
  A human skeleton (Vaults:4)
  An orc priest (Orc:1)
  A worker ant (D:12)
  A worm (Lair:3)
  An orc (Vaults:3)
  10 briar patches
  19 fungi
  36 plants
  4 toadstools (D:11)
254 creatures vanquished.

Grand Total: 2532 creatures vanquished

Notes
Turn   | Place    | Note
-------+----------+-------------------------------------------
     0 | D:1      | trivialoptimal the Minotaur Fire Elementalist began the
                  | quest for the Orb.
     0 | D:1      | Reached XP level 1. HP: 14/14 MP: 1/1
   108 | D:1      | WTF
   151 | D:1      | Reached skill level 1 in Fighting
   372 | D:1      | AAAAAAAAAAAAAAAAAAAAAAAAAAAA
   407 | D:1      | Reached skill level 2 in Fighting
   548 | D:1      | Reached XP level 2. HP: 24/24 MP: 0/3
  1531 | D:2      | Reached skill level 3 in Fighting
  1867 | D:2      | Reached XP level 3. HP: 19/31 MP: 1/4
  2209 | D:2      | You fall into a shaft and drop 2 floors!
  2210 | D:4      | Noticed a phantom
  2230 | D:4      | Killed a phantom
  2230 | D:4      | Reached skill level 5 in Fighting
  2230 | D:4      | Reached XP level 4. HP: 39/42 MP: 5/5
  2546 | D:4      | Reached skill level 6 in Fighting
  2546 | D:4      | Reached XP level 5. HP: 24/50 MP: 6/6
  2996 | D:4      | Reached skill level 1 in Maces & Flails
  3050 | D:4      | Noticed Eustachio
  3073 | D:3      | Found a glowing drain.
  3111 | Sewer    | Entered a sewer
  3372 | Sewer    | Reached skill level 1 in Armour
  3430 | Sewer    | Reached XP level 6. HP: 47/58 MP: 7/7
  3554 | Sewer    | Reached skill level 7 in Fighting
  3629 | Sewer    | Reached XP level 7. HP: 58/66 MP: 8/8
  3779 | Sewer    | Reached skill level 8 in Fighting
  3779 | Sewer    | Reached skill level 5 in Armour
  5282 | D:4      | Killed Eustachio
  5282 | D:4      | Reached skill level 9 in Fighting
  5282 | D:4      | Reached XP level 8. HP: 72/78 MP: 9/9
  5283 | D:4      | Found a runed translucent gate.
  5283 | D:4      | Found a runed translucent gate.
  5390 | D:4      | Found a runed translucent gate.
  5393 | D:4      | Noticed bmj180's ghost (novice HOFi)
  5426 | D:5      | Entered Level 5 of the Dungeon
  5443 | D:5      | Found a sand-covered staircase.
  5462 | Ossuary  | Entered an ossuary
  5478 | Ossuary  | Reached skill level 1 in Shields
  5847 | D:5      | Found Jelyast's Distillery.
  5856 | D:5      | Bought 2 potions of might for 80 gold pieces
  5856 | D:5      | Bought a potion of cancellation for 80 gold pieces
  5856 | D:5      | Bought a potion of lignification for 30 gold pieces
  5973 | D:5      | Found a staircase to the Ecumenical Temple.
  5993 | Temple   | Entered the Ecumenical Temple
  6050 | Temple   | Became a worshipper of the Wu Jian Council
  6724 | D:6      | Reached skill level 10 in Fighting
  6761 | D:6      | Reached XP level 9. HP: 71/85 MP: 10/10
  6906 | D:6      | Got a jewelled long sword
  7016 | D:6      | Found a white marble altar of Elyvilon.
  7119 | D:6      | Found a runed translucent gate.
  7119 | D:6      | Found a runed translucent gate.
  7119 | D:6      | Found a runed translucent gate.
  7128 | D:6      | Found Tajodicar's Antique Weapon Emporium.
  7146 | D:6      | Noticed floatRand's ghost (novice FoFi)
  7815 | D:6      | Identified the +8 long sword "Timif" {antimagic, rC+ Dex+3}
                  | (You found it on level 6 of the Dungeon)
  7924 | D:6      | Found a blossoming altar of Fedhas.
  8075 | D:7      | Reached skill level 10 in Armour
  8194 | D:7      | Reached * piety under Wu Jian
  8635 | D:7      | Found a shimmering blue altar of Sif Muna.
  8678 | D:7      | Found a snail-covered altar of Cheibriados.
  8731 | D:7      | Found a runed translucent door.
  8732 | D:7      | Noticed Crazy Yiuf
  8816 | D:7      | Reached skill level 1 in Evocations
  9226 | D:7      | Killed Crazy Yiuf
  9647 | D:7      | Found a snail-covered altar of Cheibriados.
  9708 | D:7      | Found a shimmering blue altar of Sif Muna.
  9936 | D:8      | Reached XP level 10. HP: 88/93 MP: 3/11
  9975 | D:8      | Found Gelofoxo's Food Shoppe.
  9994 | D:8      | Noticed a two-headed ogre
 10029 | D:8      | Killed a two-headed ogre
 10146 | D:8      | Found Voemoni's Weapon Emporium.
 10198 | D:8      | Found an opulent altar of Gozag.
 10305 | D:8      | Reached ** piety under Wu Jian
 10305 | D:8      | Reached skill level 1 in Long Blades
 10630 | D:8      | Noticed a two-headed ogre
 10731 | D:8      | Reached skill level 5 in Evocations
 10732 | D:8      | Killed a two-headed ogre
 10732 | D:8      | Reached skill level 5 in Long Blades
 11019 | D:9      | Got a distressingly furry ring mail
 11038 | D:9      | Identified the +2 ring mail of the King of the Hill {+Fly
                  | rC- rCorr Stlth+} (You found it on level 9 of the Dungeon)
 11194 | D:9      | Noticed a cyclops
 11200 | D:9      | Killed a cyclops
 11363 | D:9      | Noticed Erolcha
 11418 | D:9      | Reached XP level 11. HP: 43/99 MP: 4/13
 11932 | D:9      | Found a hide-covered altar of Uskayaw.
 11932 | D:9      | Found a basalt altar of Yredelemnul.
 11963 | D:9      | Identified a scroll of acquirement
 11964 | D:9      | Got an ancient triple sword
 12059 | D:9      | Identified the +7 triple sword of Trog {distort, *Noise
                  | Dex+3 Stlth+} (You acquired it on level 9 of the Dungeon)
 12303 | D:9      | Killed Erolcha
 12303 | D:9      | Reached skill level 10 in Long Blades
 12401 | D:9      | Reached *** piety under Wu Jian
 12614 | D:9      | Noticed Joseph
 12683 | D:10     | Entered Level 10 of the Dungeon
 13431 | D:11     | Noticed Sonja
 13432 | D:11     | Noticed Sonja
 13432 | D:11     | Sonja changed into Sonja the wolf
 13436 | D:11     | Killed Sonja the wolf
 13491 | D:11     | Noticed a red ugly thing
 13593 | D:11     | Noticed a centaur warrior
 13609 | D:11     | Killed a centaur warrior
 13611 | D:11     | Reached **** piety under Wu Jian
 13825 | D:11     | Found a glowing silver altar of Zin.
 13835 | D:11     | Reached skill level 11 in Fighting
 13836 | D:11     | Noticed Urug
 13859 | D:11     | Killed Urug
 14035 | D:11     | Reached skill level 5 in Dodging
 14101 | D:11     | Found a staircase to the Lair.
 14248 | D:11     | Killed an unseen horror
 14248 | D:11     | Reached XP level 12. HP: 88/110 MP: 14/14
 14653 | Lair:1   | Entered Level 1 of the Lair of Beasts
 14655 | Lair:1   | Noticed an eight-headed hydra
 14662 | Lair:1   | Killed an 11-headed hydra
 14869 | Lair:1   | Reached ***** piety under Wu Jian
 15753 | Lair:2   | Found a frozen archway.
 15791 | IceCv    | Entered an ice cave
 16067 | IceCv    | Reached skill level 12 in Fighting
 16425 | IceCv    | Noticed a frost giant
 16450 | IceCv    | Killed a frost giant
 16473 | IceCv    | Reached XP level 13. HP: 73/118 MP: 15/15
 17589 | Lair:2   | Got a brightly glowing whip
 17675 | Lair:2   | Got a translucent quarterstaff
 17809 | Lair:2   | Found a white marble altar of Elyvilon.
 18343 | Lair:3   | Found a hole to the Spider Nest.
 19253 | Lair:4   | Reached skill level 15 in Long Blades
 19262 | Lair:4   | Got a dull robe
 19360 | Lair:4   | Reached skill level 13 in Fighting
 19487 | Lair:4   | Reached ****** piety under Wu Jian
 19493 | Lair:4   | Found a staircase to the Swamp.
 20275 | Lair:6   | Entered Level 6 of the Lair of Beasts
 20423 | Lair:6   | Found a dark tunnel.
 20431 | Volcano  | Entered a volcano
 21182 | Lair:6   | Reached XP level 14. HP: 116/129 MP: 16/16
 21340 | Lair:6   | Reached skill level 15 in Armour
 21419 | Lair:6   | Got a jewelled quarterstaff
 21697 | Lair:6   | Got a brightly glowing scale mail
 22322 | D:12     | Found Pirch's Antique Weapon Boutique.
 22686 | D:12     | Found Nennuce's Gadget Shoppe.
 22689 | D:12     | Found a staircase to the Orcish Mines.
 22703 | D:12     | Reached skill level 10 in Dodging
 22891 | D:12     | Found Yfehomel's General Store.
 23009 | D:12     | Found Caaver's Assorted Antiques.
 23128 | Orc:1    | Entered Level 1 of the Orcish Mines
 23128 | Orc:1    | Noticed Harold
 23132 | Orc:1    | Reached skill level 14 in Fighting
 23159 | Orc:1    | Banished Harold
 23371 | Orc:1    | Found Fenery's General Store.
 23397 | Orc:1    | Found Laorrul's Assorted Antiques.
 23417 | Orc:1    | Identified the +5 scale mail "Mayhop" {rN++} (You found it
                  | on level 6 of the Lair of Beasts)
 23580 | Orc:2    | Entered Level 2 of the Orcish Mines
 23673 | D:13     | Noticed Maurice
 23675 | D:13     | Noticed Maurice
 23675 | D:13     | Maurice changed into Maurice the bullfrog
 23677 | D:13     | Killed Maurice the bullfrog
 24826 | D:14     | Found Seteun's Book Shoppe.
 24839 | D:14     | Reached XP level 15. HP: 137/139 MP: 17/17
 24893 | D:14     | Found Usem's Antique Armour Shop.
 25031 | D:14     | Paralysed by a wizard for 2 turns
 25213 | D:14     | Found a gate to the Vaults.
 25580 | D:15     | Entered Level 15 of the Dungeon
 25600 | D:15     | Identified the ring of Anarchy {+Fly rN+ MR- Int+4}
 25849 | D:15     | Noticed a frost giant
 26048 | D:15     | Paralysed by a floating eye for 4 turns
 26089 | D:15     | Banished a frost giant
 26318 | D:15     | Found Uvun Daa's Weapon Shop.
 26401 | D:15     | Reached skill level 15 in Fighting
 26457 | D:15     | Got a flickering bone ring
 26459 | D:15     | Identified the ring of the Devil {rPois rC- rN+ MR+++} (You
                  | found it on level 15 of the Dungeon)
 26655 | D:15     | Noticed a frost giant
 26667 | D:15     | Noticed Azrael
 26671 | D:15     | Killed a frost giant
 26673 | D:15     | Killed Azrael
 26887 | D:15     | Paralysed by a floating eye for 3 turns
 27037 | D:15     | Found Sotwowk's Magic Scroll Emporium.
 27149 | D:15     | Got a bound copper ring
 27463 | D:15     | Noticed a fire giant
 27469 | D:15     | Killed a fire giant
 27492 | D:15     | Identified the ring of Venuonku {rC+ rN+ Int+3} (You found
                  | it on level 15 of the Dungeon)
 27845 | D:15     | Found Yreamp's Food Emporium.
 27870 | D:15     | Noticed a frost giant
 27995 | D:15     | Found a staircase to the Depths.
 28173 | Orc:2    | Found Fanocwam's General Store.
 28188 | Orc:2    | Reached XP level 16. HP: 117/149 MP: 18/18
 28537 | Orc:2    | Found Riqi's Jewellery Boutique.
 28707 | Orc:2    | Found Lonij's Antique Armour Shoppe.
 28715 | Orc:2    | Found Siobutop's Antique Armour Emporium.
 28715 | Orc:2    | Found Giuwae's Armour Boutique.
 28717 | Orc:2    | Found Catuczy's Weapon Emporium.
 28717 | Orc:2    | Found Taobbaat's Jewellery Shop.
 28776 | Orc:2    | Noticed Donald
 28798 | Orc:2    | Killed Donald
 29034 | Orc:2    | Found a staircase to the Elven Halls.
 29058 | Orc:2    | Noticed Josephine
 29061 | Orc:2    | Reached skill level 16 in Fighting
 29064 | Orc:2    | Banished Josephine
 29157 | Orc:2    | Found Neutosk's Book Shoppe.
 29333 | Orc:1    | Noticed Nergalle
 29346 | Orc:1    | Killed Nergalle
 29669 | Orc:1    | Found a roughly hewn altar of Beogh.
 29795 | Orc:2    | Bought the +3 crown of Dyrovepreva {rElec Int+2 SInv} for
                  | 496 gold pieces
 29795 | Orc:2    | Bought a +1 pair of boots of running for 438 gold pieces
 29795 | Orc:2    | Found the +3 crown of Dyrovepreva {rElec Int+2 SInv}
 29965 | Spider:1 | Entered Level 1 of the Spider Nest
 32042 | Spider:3 | Noticed Roxanne
 32043 | Spider:3 | Noticed Arachne
 32326 | Spider:2 | Banished Arachne
 33187 | Spider:3 | Noticed Aizul
 33190 | Spider:3 | Reached XP level 17. HP: 160/160 MP: 19/19
 33236 | Spider:2 | Killed Aizul
 33796 | Spider:3 | Reached skill level 17 in Fighting
 33950 | Spider:4 | Entered Level 4 of the Spider Nest
 33950 | Spider:4 | Found the +5 robe of Night {Dark MR+ SInv}
 34418 | Spider:4 | Found a runed translucent gate.
 34418 | Spider:4 | Found a runed translucent gate.
 34419 | Spider:4 | Found a runed translucent gate.
 34420 | Spider:4 | Noticed Rollo's ghost (adept TrMo)
 35191 | Spider:4 | Got a gossamer rune of Zot
 35502 | Spider:4 | Killed Rollo's ghost
 35697 | Spider:4 | Got a pair of bloodstained gloves
 35714 | Spider:4 | Identified the cursed +0 pair of gloves of a treasure trove
                  | {Stlth+} (You found it on level 4 of the Spider Nest)
 35854 | Swamp:1  | Entered Level 1 of the Swamp
 35891 | Swamp:1  | Found an ornate altar of the Wu Jian Council.
 36693 | Swamp:2  | Noticed a tentacled monstrosity
 36720 | Swamp:2  | Banished a tentacled monstrosity
 36801 | Swamp:2  | Reached XP level 18. HP: 134/171 MP: 20/20
 37310 | Swamp:2  | Reached skill level 18 in Fighting
 38719 | Swamp:4  | Entered Level 4 of the Swamp
 40008 | Swamp:4  | Got a decaying rune of Zot
 40329 | Elf:1    | Entered Level 1 of the Elven Halls
 40505 | Elf:1    | Identified the +7 war axe "Essis" {chop, +Rage rC- Int+7}
 40510 | Elf:1    | Noticed a Tzitzimitl
 40581 | Elf:1    | Identified Mothrokh's Disquisition on Calling
 40827 | Elf:1    | Reached XP level 19. HP: 171/181 MP: 21/21
 40886 | Elf:1    | Found a runed translucent gate.
 40888 | Elf:1    | Found a runed translucent gate.
 40890 | Elf:1    | Found a runed translucent gate.
 40890 | Elf:1    | Noticed Piajug's ghost (adept CeHu)
 40890 | Elf:1    | Noticed Wadoidee's ghost (adept TrWr)
 40909 | Elf:1    | Found a shimmering blue altar of Sif Muna.
 40939 | Elf:1    | Killed Wadoidee's ghost
 40939 | Elf:1    | Reached skill level 19 in Fighting
 40959 | Elf:1    | Got a faintly glowing wooden ring
 40960 | Elf:1    | Identified the ring "Xefaton" {Fire rElec MP+9 Str+7} (You
                  | found it on level 1 of the Elven Halls)
 41210 | Elf:2    | Found Cideimy's Antique Armour Shoppe.
 41218 | Elf:2    | Bought a pair of glowing gloves for 247 gold pieces
 41341 | Elf:2    | Found a shimmering altar of Xom.
 41449 | Elf:2    | Found a runed translucent door.
 41473 | Elf:2    | Found a runed translucent door.
 41591 | Elf:3    | Entered Level 3 of the Elven Halls
 41604 | Elf:3    | Found Olu Orue's Food Emporium.
 42510 | Elf:3    | Identified the +0 broad axe "Suahobops" {antimagic, Fragile
                  | rF+ Str+3}
 42531 | Elf:3    | Identified the ring of Uppuity {rPois Int+4}
 42541 | Elf:3    | Noticed a Brimstone Fiend
 42586 | Elf:3    | Identified the cursed +1 chain mail of Pragmatism {*Drain
                  | rN++ Dex+5}
 43251 | Elf:3    | Identified the +10 short sword of Crusades {pierce, rF++
                  | Int+2 Dex-2 Stlth+}
 44968 | Vaults:1 | Entered Level 1 of the Vaults
 44976 | Vaults:1 | Found an ornate altar of the Wu Jian Council.
 45034 | Vaults:1 | Reached skill level 20 in Fighting
 45337 | Vaults:1 | Noticed an iron giant
 45337 | Vaults:1 | a stone giant changed into an iron giant
 45343 | Vaults:1 | Killed an iron giant
 45734 | Vaults:1 | Reached XP level 20. HP: 191/193 MP: 25/25
 47089 | D:14     | Bought the +8 orange crystal plate armour {Archmagi, Int+3
                  | Clar} for 3757 gold pieces
 47089 | D:14     | Found the +8 orange crystal plate armour {Archmagi, Int+3
                  | Clar}
 47349 | Vaults:2 | Found Peiru's Distillery.
 47690 | Vaults:2 | Noticed Mennas
 47700 | Vaults:2 | Killed Mennas
 47700 | Vaults:2 | Reached skill level 21 in Fighting
 47701 | Vaults:2 | holy shit
 47701 | Vaults:2 | mennas went down quick
 47712 | Vaults:2 | Reached skill level 10 in Evocations
 47879 | Vaults:2 | Noticed Nikola
 47899 | Vaults:2 | Killed Nikola
 48270 | Vaults:2 | Found a staircase to the Crypt.
 48449 | Vaults:2 | Reached XP level 21. HP: 156/205 MP: 27/27
 49203 | Vaults:3 | Reached skill level 22 in Fighting
 49208 | Vaults:3 | Found Zykh's Book Emporium.
 50366 | Vaults:4 | Found Peluuz Moro's Magic Scroll Emporium.
 50369 | Vaults:4 | Bought a scroll of blinking for 150 gold pieces
 50457 | Vaults:4 | Noticed Xtahua
 50798 | Vaults:4 | Noticed Sojobo
 50935 | Vaults:4 | Killed Sojobo
 50935 | Vaults:4 | Reached skill level 23 in Fighting
 52003 | Vaults:4 | Killed Xtahua
 52286 | Depths:1 | Entered Level 1 of the Depths
 52286 | Depths:1 | Found a gateway to Hell.
 52316 | Depths:1 | Found a gateway to a ziggurat.
 52357 | Depths:1 | Reached XP level 22. HP: 149/222 MP: 28/28
 52465 | Depths:1 | Found a magical portal.
 52469 | Depths:1 | Reached XP level 23. HP: 203/229 MP: 28/30
 52516 | WizLab   | Reached skill level 24 in Fighting
 52623 | WizLab   | Identified the Volume of Transmutation
 52625 | WizLab   | Identified Cigotuvi's Reference Book on Lethal Moulding
 52992 | WizLab   | Got a transparent lead ring
 53093 | WizLab   | Identified the ring "Xirukoq" {Ice MP+9} (You found it in a
                  | wizard's laboratory)
 53132 | Depths:1 | Gained mutation: You possess an exceptional clarity of
                  | mind. [potion of mutation]
 53132 | Depths:1 | Gained mutation: You have large cloven feet. [potion of
                  | mutation]
 53133 | Depths:1 | Lost mutation: You possess an exceptional clarity of mind.
                  | [potion of mutation]
 53133 | Depths:1 | Lost mutation: You have large cloven feet. [potion of
                  | mutation]
 53133 | Depths:1 | Gained mutation: Your muscles are strong. (Str +2) [potion
                  | of mutation]
 53133 | Depths:1 | Gained mutation: You have sharp toenails. [potion of
                  | mutation]
 53133 | Depths:1 | Gained mutation: You have a pair of large horns on your
                  | head. [potion of mutation]
 53133 | Depths:1 | Gained mutation: Your mind is acute. (Int +2) [potion of
                  | mutation]
 53134 | Depths:1 | Lost mutation: Your muscles are strong. (Str +2) [potion of
                  | mutation]
 53134 | Depths:1 | Lost mutation: You have a pair of large horns on your head.
                  | [potion of mutation]
 53134 | Depths:1 | Lost mutation: You have sharp toenails. [potion of
                  | mutation]
 53134 | Depths:1 | Lost mutation: Your mind is acute. (Int +2) [potion of
                  | mutation]
 53134 | Depths:1 | Gained mutation: Your movements are slightly less
                  | encumbered by armour. (ER -2) [potion of mutation]
 53134 | Depths:1 | Gained mutation: You expend magic power (3 MP) to
                  | strengthen your wands. [potion of mutation]
 53134 | Depths:1 | Gained mutation: You possess an exceptional clarity of
                  | mind. [potion of mutation]
 53688 | Depths:1 | Found a one-way gate leading to the halls of Pandemonium.
 55179 | Depths:2 | Reached skill level 25 in Fighting
 55799 | Depths:2 | Got an ancient ring mail
 56881 | Depths:3 | Noticed Saint Roka
 56953 | Depths:3 | Killed Saint Roka
 57204 | Depths:3 | Reached XP level 24. HP: 111/243 MP: 32/32
 57599 | Depths:3 | Identified the Papyrus of Dislocation
 58271 | Depths:3 | Found Zaom's Jewellery Shop.
 58271 | Depths:3 | Found Heara's Gadget Shoppe.
 58272 | Depths:3 | Found Wofra's Jewellery Shop.
 58579 | Depths:3 | Reached skill level 26 in Fighting
 58836 | Depths:4 | Found a one-way gate to the infinite horrors of the Abyss.
 59087 | Depths:4 | Paralysed by a floating eye for 2 turns
 59118 | Depths:4 | Got an ichor-stained whip
 60197 | Depths:5 | Entered Level 5 of the Depths
 60214 | Depths:5 | Found a runed translucent gate.
 60214 | Depths:5 | Found a runed translucent gate.
 60214 | Depths:5 | Noticed Ymuik's ghost (journeyman SpBe)
 60215 | Depths:5 | Found a runed translucent gate.
 60303 | Depths:5 | Noticed a juggernaut
 60404 | Depths:5 | Reached skill level 15 in Evocations
 61600 | Depths:5 | Found a gate to the Realm of Zot.
 62164 | Depths:5 | Noticed a juggernaut
 62188 | Depths:5 | Reached skill level 27 in Fighting
 62377 | Depths:5 | Killed a juggernaut
 62753 | Vaults:5 | Entered Level 5 of the Vaults
 63114 | Vaults:5 | Identified the ring "Bukudim" {Dex+2 Stlth+}
 63476 | Vaults:5 | Reached XP level 25. HP: 257/257 MP: 34/34
 64010 | Vaults:5 | Identified the ring of Lakaiciy {rN+ Dex+2}
 64320 | Vaults:5 | Identified the amulet of Zeinko {Faith Str+4 Dex+3}
 64464 | Vaults:5 | Identified the cursed +1 plate armour "Xeletro" {MR++
                  | Regen+ Str-2 Dex+4}
 65340 | Vaults:5 | Identified the +0 pair of boots of Divine Intervention
                  | {-Cast Int+4 Dex+4} (You found it on level 5 of the Vaults)
 65345 | Vaults:5 | Identified the Catalogue of Moulding and Clay
 65362 | Vaults:5 | Got a silver rune of Zot
 65580 | Vaults:5 | Identified the Disquisition on Unstable Heat
 65583 | Vaults:5 | Identified the +5 chain mail of the Hanged Man {-Tele Dex+2
                  | Stlth+} (You found it on level 5 of the Vaults)
 65663 | Vaults:5 | Identified the +2 pair of gloves of Azxoit {rN+ Str-3
                  | Slay+5} (You found it on level 5 of the Vaults)
 66568 | Depths:3 | Bought the ring "Ysuroamp" {rF+ Slay+2} for 490 gold pieces
 66686 | Depths:3 | Bought an uncursed amulet of guardian spirit for 420 gold
                  | pieces
 66964 | Zot:1    | Entered Level 1 of the Realm of Zot
 67037 | Zot:1    | Reached XP level 26. HP: 178/266 MP: 26/35
 67743 | Zot:4    | Noticed an orb of fire
 67744 | Zot:4    | Gained mutation: You are frail. (-10% HP) [an orb of fire]
 67748 | Zot:4    | Lost mutation: You possess an exceptional clarity of mind.
                  | [an orb of fire]
 67752 | Zot:4    | Gained mutation: Your magical capacity is low. (-10% MP)
                  | [an orb of fire]
 67757 | Zot:4    | Gained mutation: You tend to lose your temper in combat.
                  | [an orb of fire]
 67758 | Zot:4    | Killed an orb of fire
 67886 | Zot:4    | Lost mutation: Your movements are slightly less encumbered
                  | by armour. (ER -2) [potion of mutation]
 67886 | Zot:4    | Lost mutation: You are frail. (-10% HP) [potion of
                  | mutation]
 67886 | Zot:4    | Lost mutation: You expend magic power (3 MP) to strengthen
                  | your wands. [potion of mutation]
 67886 | Zot:4    | Gained mutation: You do not regenerate when monsters are
                  | visible. [potion of mutation]
 67886 | Zot:4    | Lost mutation: You tend to lose your temper in combat.
                  | [potion of mutation]
 67886 | Zot:4    | Gained mutation: You expend magic power (3 MP) to
                  | strengthen your wands. [potion of mutation]
 67887 | Zot:4    | Lost mutation: Your magical capacity is low. (-10% MP)
                  | [potion of mutation]
 67887 | Zot:4    | Lost mutation: You expend magic power (3 MP) to strengthen
                  | your wands. [potion of mutation]
 67887 | Zot:4    | Gained mutation: Your body sometimes deteriorates upon
                  | taking damage. [potion of mutation]
 67887 | Zot:4    | Gained mutation: You expend magic power (3 MP) to
                  | strengthen your wands. [potion of mutation]
 67888 | Zot:4    | Lost mutation: You do not regenerate when monsters are
                  | visible. [potion of mutation]
 67888 | Zot:4    | Lost mutation: You expend magic power (3 MP) to strengthen
                  | your wands. [potion of mutation]
 67888 | Zot:4    | Lost mutation: Your body sometimes deteriorates upon taking
                  | damage. [potion of mutation]
 67888 | Zot:4    | Gained mutation: Your mind is acute. (Int +2) [potion of
                  | mutation]
 67888 | Zot:4    | Gained mutation: Your spells are a little harder to cast,
                  | but a little more powerful. [potion of mutation]
 67888 | Zot:4    | Gained mutation: Your body sometimes deteriorates upon
                  | taking damage. [potion of mutation]
 67888 | Zot:4    | Gained mutation: You have sharp fingernails. [potion of
                  | mutation]
 69349 | Zot:5    | Entered Level 5 of the Realm of Zot
 69349 | Zot:5    | Noticed an orb of fire
 69570 | Zot:5    | Gained mutation: You tend to lose your temper in combat.
                  | [an orb of fire]
 69848 | Zot:5    | Lost mutation: Your body sometimes deteriorates upon taking
                  | damage. [potion of mutation]
 69848 | Zot:5    | Lost mutation: You tend to lose your temper in combat.
                  | [potion of mutation]
 69848 | Zot:5    | Lost mutation: Your mind is acute. (Int +2) [potion of
                  | mutation]
 69848 | Zot:5    | Gained mutation: You are frail. (-10% HP) [potion of
                  | mutation]
 69848 | Zot:5    | Gained mutation: You expend magic power (3 MP) to
                  | strengthen your wands. [potion of mutation]
 69849 | Zot:5    | Lost mutation: Your spells are a little harder to cast, but
                  | a little more powerful. [potion of mutation]
 69849 | Zot:5    | Lost mutation: You are frail. (-10% HP) [potion of
                  | mutation]
 69849 | Zot:5    | Gained mutation: You have sharp toenails. [potion of
                  | mutation]
 69849 | Zot:5    | Gained mutation: You have a pair of large horns on your
                  | head. [potion of mutation]
 69849 | Zot:5    | Gained mutation: Your mind is acute. (Int +2) [potion of
                  | mutation]
 69898 | Zot:5    | Lost mutation: You have sharp fingernails. [potion of
                  | mutation]
 69898 | Zot:5    | Lost mutation: Your mind is acute. (Int +2) [potion of
                  | mutation]
 69898 | Zot:5    | Gained mutation: Your mind is acute. (Int +2) [potion of
                  | mutation]
 69898 | Zot:5    | Gained mutation: You are frail. (-10% HP) [potion of
                  | mutation]
 69898 | Zot:5    | Gained mutation: You passively map a small area around you.
                  | [potion of mutation]
 69899 | Zot:5    | Lost mutation: You have sharp toenails. [potion of
                  | mutation]
 69899 | Zot:5    | Lost mutation: You passively map a small area around you.
                  | [potion of mutation]
 69899 | Zot:5    | Gained mutation: Armour fits poorly on your strangely
                  | shaped body. [potion of mutation]
 69899 | Zot:5    | Gained mutation: You tend to lose your temper in combat.
                  | [potion of mutation]
 69899 | Zot:5    | Gained mutation: You have sharp toenails. [potion of
                  | mutation]
 69900 | Zot:5    | Lost mutation: You tend to lose your temper in combat.
                  | [potion of mutation]
 69900 | Zot:5    | Lost mutation: You have a pair of large horns on your head.
                  | [potion of mutation]
 69900 | Zot:5    | Lost mutation: You expend magic power (3 MP) to strengthen
                  | your wands. [potion of mutation]
 69900 | Zot:5    | Gained mutation: You are very frail. (-20% HP) [potion of
                  | mutation]
 69900 | Zot:5    | Lost mutation: You are very frail. (-20% HP) [potion of
                  | mutation]
 69906 | Zot:5    | Lost mutation: Your mind is acute. (Int +2) [potion of
                  | mutation]
 69906 | Zot:5    | Lost mutation: You are frail. (-10% HP) [potion of
                  | mutation]
 69906 | Zot:5    | Lost mutation: Armour fits poorly on your strangely shaped
                  | body. [potion of mutation]
 69906 | Zot:5    | Lost mutation: You have sharp toenails. [potion of
                  | mutation]
 69906 | Zot:5    | Gained mutation: You have an increased reservoir of magic.
                  | (+10% MP) [potion of mutation]
 69906 | Zot:5    | Gained mutation: Your natural rate of healing is unusually
                  | fast. [potion of mutation]
 69906 | Zot:5    | Gained mutation: Your muscles are strong. (Str +2) [potion
                  | of mutation]
 69906 | Zot:5    | Gained mutation: You are agile. (Dex +2) [potion of
                  | mutation]
 70167 | Zot:5    | Reached skill level 15 in Dodging
 70180 | Zot:5    | Found a large runed translucent door.
 70180 | Zot:5    | Found a large runed translucent door.
 70182 | Zot:5    | Noticed toffzen's ghost (veteran TrFi)
 70854 | Zot:5    | Gained mutation: Scrolls take you a little longer to read.
                  | [an orb of fire]
 70857 | Zot:5    | Lost mutation: You are agile. (Dex +2) [an orb of fire]
 70864 | Zot:5    | Gained mutation: You tend to lose your temper in combat.
                  | [an orb of fire]
 70867 | Zot:5    | Lost mutation: Your natural rate of healing is unusually
                  | fast. [an orb of fire]
 70871 | Zot:5    | Killed an orb of fire
 70930 | Zot:5    | Lost mutation: Your muscles are strong. (Str +2) [potion of
                  | mutation]
 70930 | Zot:5    | Lost mutation: You tend to lose your temper in combat.
                  | [potion of mutation]
 70930 | Zot:5    | Lost mutation: Scrolls take you a little longer to read.
                  | [potion of mutation]
 70930 | Zot:5    | Lost mutation: You have an increased reservoir of magic.
                  | (+10% MP) [potion of mutation]
 70930 | Zot:5    | Gained mutation: You are partially covered in icy blue
                  | scales. (AC +2) [potion of mutation]
 70930 | Zot:5    | Gained mutation: Your flesh is heat resistant. (rF+)
                  | [potion of mutation]
 70930 | Zot:5    | Gained mutation: You are partially covered in thin metallic
                  | scales. (AC +2) [potion of mutation]
 71159 | Zot:5    | Noticed an ancient lich
 71185 | Zot:5    | Killed an ancient lich
 71230 | Zot:5    | Noticed an orb of fire
 71236 | Zot:5    | Gained mutation: Armour fits poorly on your strangely
                  | shaped body. [an orb of fire]
 71254 | Zot:5    | Killed an orb of fire
 71551 | Zot:5    | Noticed an ancient lich
 71567 | Zot:5    | Noticed an ancient lich
 71583 | Zot:5    | Killed an ancient lich
 71586 | Zot:5    | Killed an ancient lich
 71586 | Zot:5    | Reached XP level 27. HP: 142/273 MP: 16/36
 72742 | D:9      | Killed Joseph
 72872 | D:5      | Bought a potion of flight for 30 gold pieces
 72872 | D:5      | Bought a potion of ambrosia for 80 gold pieces
 72872 | D:5      | Bought a potion of mutation for 80 gold pieces
 72872 | D:5      | Bought a potion of cancellation for 80 gold pieces
 72872 | D:5      | Bought a potion of curing for 30 gold pieces
 72872 | D:5      | Bought a potion of agility for 40 gold pieces
 72872 | D:5      | Bought a potion of curing for 30 gold pieces
 72872 | D:5      | Bought a potion of flight for 30 gold pieces
 72872 | D:5      | Bought a potion of agility for 40 gold pieces
 72872 | D:5      | Bought a potion of curing for 30 gold pieces
 73256 | Vaults:2 | Bought a potion of curing for 48 gold pieces
 73256 | Vaults:2 | Bought a potion of haste for 160 gold pieces
 73256 | Vaults:2 | Bought a potion of curing for 48 gold pieces
 73256 | Vaults:2 | Bought a potion of haste for 160 gold pieces
 73256 | Vaults:2 | Bought a potion of heal wounds for 80 gold pieces
 73911 | Zot:5    | Noticed an ancient lich
 73919 | Zot:5    | Killed an ancient lich
 74200 | Zot:5    | Got the Orb of Zot
 74460 | Depths:4 | Noticed Hivezoes the pandemonium lord
 74935 | D:1      | Noticed Keryil the pandemonium lord
 74948 | D:1      | gg
 74949 | D:$      | Escaped with the Orb!

Levels and vault maps discovered:
D:1:      dpeg_arrival_ratfight, layout_basic
D:2:      layout_loops_corners, hangedman_abyss_or_decor_stabs,
          minmay_tree_intersection, minmay_vboxes
D:3:      layout_loops_ring, cheibrodos_sewer_entry_drain,
          chequers_serial_rivers_room_b
D:4:      kb_forest_paths, layout_rooms, gammafunk_ghost_necromancy,
          first_ration, uniq_pikel, uniq_eustachio
D:5:      layout_loops_ring, minmay_temple_entry_mist, serial_shops, shop,
          chequers_ossuary_entry_cave
D:6:      layout_gridville, fedhas_ov_isle_minmay, elyvilon_altar_3,
          serial_shops, shop, gammafunk_ghost_necromancy, minmay_checkerbox
D:7:      layout_basic, nicolae_overflow_hidden_temple, lemuel_blue_sif_altar,
          uniq_crazy_yiuf_cottage
D:8:      layout_layer_cave, kennysheep_mini, serial_shops, nicolae_shop_stone,
          nicolae_shop_temple_entry_statues_fountains
D:9:      layout_basic, grunt_temple_overflow_open, hangedman_fish_farm,
          lightli_minifort, uniq_joseph, uniq_erolcha
D:10:     layout_small_grid, st_stairs_11, bh_walls_and_bars
D:11:     layout_grid_maze, erik_lair_island, basic_altar,
          minmay_gold_behind_fungi, uniq_sonja, uniq_urug
D:12:     layout_loops_ring, david_orc_2, serial_shops,
          nicolae_shop_behind_doors, shop, nicolae_shop_statue_plus,
          nicolae_shop_stone
D:13:     layout_long_grid, uniq_maurice
D:14:     layout_gridville, grunt_vaults_entry_tiered, serial_shops,
          kennysheep_little_box, nicolae_shop_stone, grunt_ministairs_13
D:15:     hangedman_spin_cycle
Temple:   eino_wide_crystal_templ
Lair:1:   layout_chaotic_city, beast_lair_carwin_3
Lair:2:   layout_regular_city, portal_ice_cave_entry_imps, basic_altar,
          serial_bayou_shore_b, grunt_megastairs_3
Lair:3:   layout_hall_layers, nicolae_spider_entry_non_spiders,
          beast_lair_carwin_1
Lair:4:   layout_cave_shapes, skrybe_swamp_entry_bodies,
          infiniplex_staircase_pool_2
Lair:5:   layout_gridlike, minmay_lair_oklob_items
Lair:6:   hangedman_lair_tendril_chambers, layout_long_grid,
          minmay_slime_entry_oklob_enclosed, enter_volcano_1,
          serial_bayou_shore_b, lemuel_fruit_tree, infiniplex_staircase_pool
Swamp:1:  layout_falls_marsh, lemuel_altar_in_water
Swamp:2:  layout_basic_swamp, evilmike_swamp_ruin_house_5
Swamp:3:  layout_basic_swamp, evilmike_swamp_ruin_house_4
Swamp:4:  swamp, layout_basic_swamp
Spider:1: layout_spider_delve
Spider:2: layout_chambers, drop_trap, nicolae_spider_cling_ruins
Spider:3: layout_spider_delve, uniq_aizul, uniq_arachne, uniq_roxanne
Spider:4: grunt_spider_rune_circles, gammafunk_ghost_tricky_traps,
          nicolae_spider_shape
Orc:1:    layout_caves, serial_shops, nicolae_shop_trees, shop, special_room
          [special_room_orc], uniq_nergalle, uniq_harold
Orc:2:    st_orc_ogre_mass, layout_caves, serial_shops, nicolae_shop_crystal,
          shop, shop, nicolae_shop_waterfront, uniq_donald, uniq_josephine
Elf:1:    layout_loops_cross, gammafunk_ghost_cemetery, minmay_elf_demonology,
          serial_sigils_hangedman_snap, hangedman_elf_targetted_burst,
          david_defended_altar_elf
Elf:2:    layout_geoelf_grid, serial_shops, shop, basic_altar,
          lemuel_flamethrower_3, uniq_louise
Elf:3:    minmay_elf_hall_not_hex, layout_gridlike, serial_shops,
          nicolae_shop_trees, amethyst_killhole, serial_sigils_hangedman_gnaw
Vaults:1: nicolae_vaults_back_hallway, st_quartered_hall, vaults_dpeg_ring,
          vaults_dpeg_cross, nicolae_vaults_ninety_degrees, grunt_vaults_funnel,
          nicolae_vaults_network_barrier, hangedman_vaults_variations,
          ontoclasm_vaults_twist, v_misc_22, ontoclasm_vaults_ring_small,
          layout_vaults_omnibox, basic_altar, portal_desolation_entry_salt
Vaults:2: minmay_crypt_entry_nasty_monster, v_misc_11, grunt_vaults_trifunnel,
          nicolae_vaults_yaktaur_gun_rack, v_misc_2, st_squares,
          hangedman_vaults_locks, vaults_mumra_chevron_long,
          dpeg_vaults_monster_row, ontoclasm_vaults_decontamination,
          vaults_dpeg_encased_lava, layout_vaults_ring, serial_shops, shop,
          uniq_mennas, uniq_nikola
Vaults:3: v_pattern_3, v_misc_23, vaults_standard_mumra_x,
          hangedman_vaults_restitches, nicolae_vaults_network_periphery,
          v_misc_28, nicolae_vaults_murderbox, v_alt_pattern_6,
          ontoclasm_vaults_loading_screen, vaults_dpeg_hooks,
          nicolae_vaults_little_ls, vaults_room_ringed_pool, layout_vaults_maze,
          serial_shops, nicolae_shop_crystal
Vaults:4: nicolae_vaults_triangles, vaults_room_grunt_arrival_checkpoint,
          nicolae_vaults_big_ls, hangedman_vaults_stagger,
          ontoclasm_vaults_chip, ontoclasm_vaults_eye, ontoclasm_vaults_hangar,
          nicolae_vaults_angled_halls, vaults_room_stairs_pillars,
          layout_vaults_omnigrid, serial_shops, nicolae_shop_behind_doors,
          uniq_xtahua, uniq_sojobo
Vaults:5
Depths:1: layout_basic, enter_ziggurat_a, hangedman_decor_push, hell_entry,
          mu_enter_wizlab_1, grunt_pan_entry_in_and_out, st_stairs_11,
          nicolae_lava_and_water, minmay_misc_feat_tower,
          minmay_misc_feat_cross, roderic_roman_lattice,
          chequers_serial_rivers_micro_c, nooodl_food_tri, serial_bayou_shore_b
Depths:2: minmay_the_grid_net [minmay_the_grid_large_cup,
          minmay_the_grid_tiny_cups, minmay_the_grid_airy,
          minmay_the_grid_dragon_b, minmay_the_grid_expand,
          minmay_the_grid_prize_four_corners], layout_twisted_cross, hell_entry,
          infiniplex_staircase_pillars_3b, minmay_misc_feat_columns
Depths:3: minmay_inner_zag, layout_basic, pan_entry, hellmouth_3,
          hangedman_abyss_or_decor_clamps, minmay_shop_grove,
          minmay_staircase_windowed_small, uniq_saint_roka
Depths:4: minmay_inside_and_out, layout_cave_shapes, hell_entry, abyss_entry,
          minmay_misc_feat_rows, nicolae_twisting_strands, firewood_loft
Depths:5: grunt_zot_entry_alcove, layout_gridlike, grunt_hell_entry_dis_grunt,
          serial_curves, eino_curves_02, eino_curves_01, eino_curves_04,
          biasface_ghost_demon_polymorph, hangedman_abyss_entry_splay
Zot:1:    layout_twisted_circle, grunt_ministairs_11
Zot:2:    layout_gridlike, nicolae_transmutations_shop, st_single_dragon_hoard_3
Zot:3:    layout_gridlike
Zot:4:    layout_gridville
Zot:5:    layout_misc_corridors, ebering_ghost_disaster_area,
          grunt_ministairs_10

Skill      XL: |  1  2  3  4  5  6  7  8  9 10 11 12 13 14 15 16 17 18 19 20 21 22 23 24 25 26 27 |
---------------+----------------------------------------------------------------------------------+-----
Fighting       | 2 3 5 6 7 9 10 11 12 13 14 15 16 17 18 20 21 23 25 27 | 27.0
Maces & Flails | 1 |  1.2
Armour         | 2 4 6 8 12 13 14 15 16 17 18 19 21 22 23 | 23.9
Shields        | 4 |  4.1
Evocations     | 2 5 8 10 13 16 19 21 | 21.4
Long Blades    | 9 12 13 15 17 19 20 22 23 24 | 24.0
Dodging        | 5 7 9 10 11 12 14 16 17 | 17.1
Stealth        | |  1.5
Spellcasting   | |  1.3
Conjurations   | |  0.6
Fire Magic     | |  2.1

Action                   |  1- 3 |  4- 6 |  7- 9 | 10-12 | 13-15 | 16-18 | 19-21 | 22-24 | 25-27 || total
-------------------------+-------+-------+-------+-------+-------+-------+-------+-------+-------++-------
Melee: Unarmed           |    25 |       |       |       |       |       |       |       |       ||    25
       Headbutt          |    12 |    24 |    96 |   119 |   213 |   316 |   367 |   402 |   311 ||  1860
       Short sword       |    45 |     8 |       |       |       |       |       |       |       ||    53
       Dagger            |    16 |   104 |   518 |       |       |       |       |       |       ||   638
       Flail             |       |    59 |       |       |       |       |       |       |       ||    59
       Long sword        |       |       |    90 |   196 |       |       |       |       |       ||   286
       Triple sword      |       |       |       |   345 |  1058 |  1359 |  1431 |  1248 |  1077 ||  6518
Throw: Throwing net      |       |       |       |     1 |       |       |       |       |       ||     1
 Cast: Flame Tongue      |    17 |       |       |       |       |       |       |       |       ||    17
Invok: Lunge             |       |       |    16 |    37 |   107 |   170 |   203 |   145 |   164 ||   842
       Whirlwind         |       |       |     1 |    11 |    87 |   204 |   115 |   129 |   163 ||   710
       Serpent's Lash    |       |       |       |       |     7 |     6 |     6 |       |    12 ||    31
       Heavenly Storm    |       |       |       |       |       |     1 |       |       |       ||     1
 Abil: Evoke Berserk Rag |       |       |       |     2 |     3 |     7 |       |       |       ||    12
Evoke: Wand              |       |       |     6 |    13 |     7 |     1 |     1 |     2 |     3 ||    33
       Lightning rod     |       |       |       |       |       |       |       |     1 |       ||     1
  Use: Potion            |     2 |     1 |       |     2 |     2 |     5 |     2 |     6 |    21 ||    41
       Scroll            |       |     2 |     8 |    10 |    16 |     8 |     5 |     4 |    11 ||    64
 Stab: Sleeping          |     1 |     2 |       |       |       |       |       |       |       ||     3
       Paralysed         |       |       |       |    11 |       |       |       |       |       ||    11
       Distracted        |       |       |       |       |       |       |       |     2 |     2 ||     4
  Eat: Chunk             |     2 |     4 |    17 |    24 |    31 |    32 |    27 |    15 |    12 ||   164
       Ration            |     1 |       |     2 |     1 |     5 |     5 |     3 |     6 |     8 ||    31
Armor: Robe              |     9 |     2 |       |       |       |       |       |       |       ||    11
       Plate armour      |       |    95 |   343 |   224 |       |  1057 |   231 |       |       ||  1950
       Chain mail        |       |       |       |   130 |   498 |    22 |       |       |       ||   650
       Crystal plate arm |       |       |       |       |       |       |   430 |   658 |   575 ||  1663
Dodge: Dodged            |    55 |    31 |   161 |   270 |   699 |   959 |   466 |   467 |   398 ||  3506
Block: Buckler           |       |    29 |   160 |    66 |       |       |       |       |       ||   255
       Rpst.: Long sword |       |       |    10 |    19 |       |       |       |       |       ||    29
       Triple sword      |       |       |       |    48 |   184 |   185 |    79 |    78 |    61 ||   635

Table legend:
 A = Non-vault XP
 B = Vault XP
 C = Vault XP percentage of total XP
 D = Non-vault monster count
 E = Vault monster count
 F = Vault count percentage of total count
                 A         B        C        D         E       F
            +---------+---------+-------+---------+---------+-------
      Total |  714433 |  710694 |  49.9 |    1511 |     963 |  38.9
            +---------+---------+-------+---------+---------+-------
        D:1 |      17 |       7 |  29.2 |       9 |       6 |  40.0
        D:2 |      38 |      14 |  26.9 |      20 |       7 |  25.9
        D:3 |     141 |       6 |   4.1 |      23 |       3 |  11.5
        D:4 |     279 |     218 |  43.9 |      13 |       4 |  23.5
        D:5 |     494 |       0 |   0.0 |      14 |       0 |   0.0
        D:6 |     726 |     400 |  35.5 |      17 |       4 |  19.0
        D:7 |    1709 |      42 |   2.4 |      33 |       1 |   2.9
        D:8 |    3217 |       0 |   0.0 |      33 |       0 |   0.0
        D:9 |    3501 |    2224 |  38.8 |      38 |       4 |   9.5
       D:10 |    3100 |     381 |  10.9 |      25 |       3 |  10.7
       D:11 |    3973 |    2021 |  33.7 |      28 |      11 |  28.2
       D:12 |    5513 |      15 |   0.3 |      39 |       5 |  11.4
       D:13 |    7675 |      84 |   1.1 |      43 |       1 |   2.3
       D:14 |   10222 |    7634 |  42.8 |      39 |      26 |  40.0
       D:15 |       0 |   38931 | 100.0 |       0 |      73 | 100.0
     Lair:1 |    5490 |    2261 |  29.2 |      25 |      10 |  28.6
     Lair:2 |    2627 |     873 |  24.9 |      12 |      15 |  55.6
     Lair:3 |    4715 |    1449 |  23.5 |      24 |      16 |  40.0
     Lair:4 |    4750 |     274 |   5.5 |      24 |       1 |   4.0
     Lair:5 |     607 |     550 |  47.5 |       5 |       1 |  16.7
     Lair:6 |   10148 |   10141 |  50.0 |      42 |      36 |  46.2
    Swamp:1 |    8462 |       0 |   0.0 |      22 |       0 |   0.0
    Swamp:2 |   14574 |       0 |   0.0 |      25 |       0 |   0.0
    Swamp:3 |   23096 |    3274 |  12.4 |      56 |       4 |   6.7
    Swamp:4 |   14911 |   13569 |  47.6 |      45 |      25 |  35.7
   Spider:1 |   14391 |       0 |   0.0 |      40 |       0 |   0.0
   Spider:2 |   19634 |    4113 |  17.3 |      53 |       2 |   3.6
   Spider:3 |   11655 |       0 |   0.0 |      28 |       0 |   0.0
   Spider:4 |    8551 |   35034 |  80.4 |      27 |      57 |  67.9
      Orc:1 |    3269 |    6325 |  65.9 |      31 |      23 |  42.6
      Orc:2 |    2940 |   18077 |  86.0 |      30 |      43 |  58.9
      Elf:1 |   21539 |    7446 |  25.7 |      34 |       8 |  19.0
      Elf:2 |   12302 |    2685 |  17.9 |      19 |       3 |  13.6
      Elf:3 |   19666 |   38051 |  65.9 |      33 |      25 |  43.1
   Vaults:1 |   35072 |   24780 |  41.4 |      55 |      27 |  32.9
   Vaults:2 |   39858 |   40945 |  50.7 |      80 |      46 |  36.5
   Vaults:3 |   25840 |   23039 |  47.1 |      48 |      34 |  41.5
   Vaults:4 |   19626 |   39452 |  66.8 |      33 |      49 |  59.8
   Vaults:5 |   46149 |  142934 |  75.6 |      63 |     101 |  61.6
   Depths:1 |   27723 |    8632 |  23.7 |      38 |       8 |  17.4
   Depths:2 |   30843 |   35851 |  53.8 |      39 |      32 |  45.1
   Depths:3 |   55142 |   13813 |  20.0 |      71 |      32 |  31.1
   Depths:4 |   24797 |    8444 |  25.4 |      32 |       5 |  13.5
   Depths:5 |   34231 |   20066 |  37.0 |      29 |      16 |  35.6
      Zot:1 |    9620 |       0 |   0.0 |       7 |       0 |   0.0
      Zot:2 |    2293 |       0 |   0.0 |       1 |       0 |   0.0
      Zot:3 |    9123 |       0 |   0.0 |       5 |       0 |   0.0
      Zot:4 |   58499 |    1307 |   2.2 |      32 |       1 |   3.0
      Zot:5 |   51685 |  114592 |  68.9 |      29 |      31 |  51.7
      Sewer |       0 |     890 | 100.0 |       0 |      28 | 100.0
    Ossuary |       0 |     318 | 100.0 |       0 |      39 | 100.0
      IceCv |       0 |    9458 | 100.0 |       0 |      36 | 100.0
    Volcano |       0 |    2190 | 100.0 |       0 |       9 | 100.0
     WizLab |       0 |   27884 | 100.0 |       0 |      52 | 100.0
            +---------+---------+-------+---------+---------+-------
